 Dungeon Crawl Stone Soup version 0.31-a0-868-g674d60d6f7 (webtiles) character file.

Game seed: 4687676220595257835

1330 Fodor the Covered (level 8, -5/68 HPs)
             Began as a Minotaur Fighter on Oct 11, 2023.
             Killed from afar by a steam dragon (8 damage)
             ... with a ball of steam
             ... on level 6 of the Dungeon.
             The game lasted 00:29:13 (5585 turns).

Fodor the Covered (Minotaur Fighter)                Turns: 5585, Time: 00:29:13

Health: -5/68      AC: 12    Str: 28    XL:     8   Next: 34%
Magic:  7/7        EV:  9    Int: 11    God:
Gold:   257        SH:  5    Dex:  9    Spells: 5/7 levels left

rFire   . . .        s - +0 mace (heavy)
rCold   . . .        c - +0 buckler
rNeg    . . .        b - +0 chain mail
rPois   .            (helmet currently unavailable)
rElec   +            (cloak currently unavailable)
rCorr   .            (gloves currently unavailable)
SInv    .            (boots currently unavailable)
Will    .....        (no amulet) Stlth
                     u - +6 ring of strength
HPRegen 0.31/turn    j - ring "Dumist" {rElec Int+6}
MPRegen 0.10/turn

%: no passive effects
@: beast-form
A: beast (slay +0), horns 2, retaliatory headbutt, iridescent scales 1, clumsy
1, high MP 1
a: Begin Untransformation


You were on level 6 of the Dungeon.
You were a hulking beast.
You visited 1 branch of the dungeon, and saw 6 of its levels.
You also visited: Sewer.

You collected 317 gold pieces.
You spent 60 gold pieces at shops.

Inventory:

Hand Weapons
 s - a +0 heavy mace (weapon)
 D - a +0 broad axe
Missiles
 f - 15 poisoned darts
 h - 2 javelins (quivered)
Armour
 b - a +0 chain mail (worn)
 c - a +0 buckler (worn)
 w - a +1 pair of boots
Jewellery
 i - a ring of positive energy
 j - the ring "Dumist" (right hand) {rElec Int+6}
   (You found it on level 2 of the Dungeon)

   [ring of intelligence]

   Int+6:     It affects your intelligence (+6).
   rElec:     It insulates you from electricity.
 u - a +6 ring of strength (left hand)
Talismans
 q - a beast talisman (active)
Wands
 v - a wand of flame (18)
Scrolls
 a - a scroll of fog
 g - a scroll of acquirement {unknown}
 m - a scroll of silence
 n - 2 scrolls of blinking
 o - 4 scrolls of teleportation
 r - a scroll of fear
 t - 3 scrolls of vulnerability
 y - a scroll of torment
 z - 2 scrolls of revelation
 B - a scroll of enchant armour
 E - a scroll of identify
Potions
 d - 3 potions of might
 e - a potion of lignification
 k - a potion of haste {unknown}
 l - a potion of attraction {unknown}
 p - a potion of curing
 x - a potion of cancellation {unknown}
 A - 2 potions of heal wounds
 C - a potion of invisibility {unknown}


   Skills:
 + Level 5.1 Fighting
 + Level 4.5 Long Blades
 + Level 5.7 Maces & Flails
 + Level 0.3 Throwing
 + Level 7.3 Armour
 + Level 2.6 Dodging
 + Level 1.0 Stealth
 + Level 5.8 Shields
 + Level 1.4 Shapeshifting


You had 5 spell levels left.
You knew the following spells:

 Your Spells              Type           Power      Damage    Failure   Level
a - Passwall              Tmut/Erth      0%         N/A       94%         2

Your spell library contained the following spells:

 Spells                   Type           Power      Damage    Failure   Level
 Ensorcelled Hibernation  Hex/Ice        0%         N/A       94%         2
 Dazzling Flash           Conj/Hex       0%         N/A       99%         3
 Ozocubu's Armour         Ice            0%         N/A       99%         3
 Swiftness                Air            0%         N/A       99%         3
 Agony                    Necr           0%         N/A       100%        5
 Silence                  Hex/Air        0%         N/A       100%        5
 Ozocubu's Refrigeration  Ice            0%         4d7       100%        7


Dungeon Overview and Level Annotations

Branches:
Dungeon (6/15)             Temple (0/1) D:6           Sewer (visited)

Altars:
Cheibriados
Dithmenos
Elyvilon
Nemelex Xobeh
Vehumet

Shops:
D:5 (!*

Annotations:
D:6 1 runed translucent door, CalledCrash's ghost, novice HuWn


Innate Abilities, Weirdness & Mutations

You are a hulking beast.
Your limbs bulge with bestial killing power. (Slay +0)
You have a pair of horns on your head.
You reflexively headbutt those who attack you in melee.
You are partially covered in iridescent scales. (AC +2)
You are clumsy. (Dex -2)
You have an increased reservoir of magic. (+10% MP)


Message History

t - 3 scrolls of vulnerability (gained 1)
You see here a +0 rapier.
f - 15 poisoned darts (gained 5)
Found Ozocubu's Autobiography.
Found a dagger.
You pick up Ozocubu's Autobiography and begin reading...
You add the spells Ozocubu's Armour and Ozocubu's Refrigeration to your library.
A shadow imp comes into view.
The shadow imp shouts, "Quit, thou bawdy clapper-clawed meatloaf!"
Found a stone staircase leading up.
Found a staircase to the Ecumenical Temple.
The shadow imp closely misses you.
You bludgeon the shadow imp!!
You kill the shadow imp!
A steam dragon comes into view.
The steam dragon hisses angrily.
The steam dragon breathes steam at you. The ball of steam misses you.
The steam dragon moves out of view.
You are engulfed in a cloud of scalding steam.
The steam dragon breathes steam at you. The ball of steam hits you!
You barely miss the steam dragon.
You are engulfed in a cloud of scalding steam.
The steam dragon bites you.
The steam dragon claws you but does no damage.
The steam dragon closely misses you.
The steam dragon claws you but does no damage.
You closely miss the steam dragon. You block the steam dragon's attack.
The steam dragon claws you but does no damage.
The steam dragon breathes steam at you. The ball of steam hits you.
You closely miss the steam dragon.
You are engulfed in a cloud of scalding steam.
* * * LOW HITPOINT WARNING * * *
The steam dragon closely misses you. You furiously retaliate!
You headbutt the steam dragon! The steam dragon claws you.
* * * LOW HITPOINT WARNING * * *
The steam dragon breathes steam at you. The ball of steam hits you!
You die...

.#..#####***,*,,*,*,,,,*,***
.........,..,*,,,.#.,#.,,*
#..##.####....*,...##.,#,*
....#.#*##....,,.>...,.#,*
###...##,.....##....#..,,*
*#.....##..#..#....#,***
***#............#.#..#,*
.,###.###*#....#D..##..#
#......## #.....h.....#*
........###...#.#....##
#######.....)....<...#
#.............####...#
..############# *...# ###
*####


You could see a steam dragon (catching breath).

Vanquished Creatures
  A wyvern (D:5)
  Duvessa (D:5)
  3 water moccasins
  An ice beast (D:6)
  A black bear (D:4)
  A scorpion (D:4)
  Dowan (D:5)
  2 jellies
  A hound (D:5)
  An orc priest (D:4)
  3 iguanas
  A sleepcap (D:4)
  An orc wizard (D:5)
  A mummy (D:4)
  3 gnolls (D:4)
  6 adders
  A shadow imp (D:6)
  An ufetubus (D:5)
  2 worms (D:4)
  3 dart slugs
  8 orcs
  9 ball pythons
  5 bats
  6 endoplasms
  5 giant cockroaches
  12 goblins
  5 hobgoblins
  11 jackals
  4 quokkas
  3 frilled lizards
  3 kobolds
  9 rats
115 creatures vanquished.

Notes
Turn   | Place    | Note
-------+----------+-------------------------------------------
     0 | D:1      | Fodor the Minotaur Fighter began the quest for the Orb.
     0 | D:1      | Reached XP level 1. HP: 19/19 MP: 0/0
   434 | D:1      | Found a faded altar of an unknown god.
   610 | D:1      | Reached XP level 2. HP: 27/27 MP: 1/1
   617 | D:1      | Reached skill level 4 in Armour
   884 | D:1      | Reached XP level 3. HP: 33/33 MP: 2/2
  1074 | D:2      | Identified the ring "Dumist" {rElec Int+6}
  1952 | D:3      | Found a shadowy altar of Dithmenos.
  1956 | D:3      | Found a white marble altar of Elyvilon.
  2098 | D:3      | Learned a level 2 spell: Passwall
  2560 | D:3      | Reached XP level 4. HP: 40/40 MP: 3/3
  2813 | D:4      | Reached skill level 1 in Dodging
  2844 | D:4      | Reached skill level 1 in Maces & Flails
  2844 | D:4      | Reached XP level 5. HP: 46/46 MP: 4/4
  2978 | D:4      | Found a sparkling altar of Nemelex Xobeh.
  3011 | D:4      | Noticed a black bear
  3020 | D:4      | Killed a black bear
  3021 | D:4      | Reached skill level 5 in Armour
  3021 | D:4      | Reached XP level 6. HP: 37/53 MP: 5/5
  3039 | D:4      | Found a snail-covered altar of Cheibriados.
  3071 | D:4      | Found a glowing drain.
  3090 | Sewer    | Entered a sewer
  3224 | Sewer    | Noticed a water moccasin
  3236 | Sewer    | Gained mutation: You are clumsy. (Dex -2) [potion of
                  | mutation]
  3236 | Sewer    | Gained mutation: You are partially covered in iridescent
                  | scales. (AC +2) [potion of mutation]
  3236 | Sewer    | Gained mutation: You have an increased reservoir of magic.
                  | (+10% MP) [potion of mutation]
  3240 | Sewer    | Killed a water moccasin
  3889 | D:5      | Entered Level 5 of the Dungeon
  3889 | D:5      | Noticed a wyvern
  3895 | D:5      | Killed a wyvern
  3896 | D:5      | Reached skill level 6 in Armour
  3896 | D:5      | Reached XP level 7. HP: 32/60 MP: 6/6
  3961 | D:5      | Reached skill level 5 in Shields
  4163 | D:5      | Reached skill level 5 in Fighting
  4396 | D:5      | Found Ykas's Distillery.
  4398 | D:5      | Found Qiniat's Weapon Boutique.
  4398 | D:5      | Found Udaeree's General Store.
  4404 | D:5      | Bought a potion of heal wounds for 60 gold pieces
  4567 | D:5      | Noticed Duvessa
  4584 | D:5      | Killed Duvessa
  4585 | D:5      | Reached skill level 5 in Maces & Flails
  4585 | D:5      | Reached skill level 1 in Shapeshifting
  4585 | D:5      | Reached XP level 8. HP: 60/68 MP: 7/7
  4605 | D:5      | Noticed Dowan
  4630 | D:5      | Killed Dowan
  4957 | D:5      | Found a radiant altar of Vehumet.
  4972 | D:5      | Reached skill level 7 in Armour
  5307 | D:6      | Found a runed translucent gate.
  5307 | D:6      | Noticed CalledCrash's ghost (novice HuWn)
  5442 | D:6      | Reached skill level 1 in Stealth
  5576 | D:6      | Found a staircase to the Ecumenical Temple.
  5585 | D:6      | HP: 3/68 [steam dragon (5)]
  5585 | D:6      | Killed from afar by a steam dragon

Illustrated notes

Levels and vault maps discovered:
D:1:      roderic_chinese_lattice_arrival, layout_basic,
          hellmonk_ecumenical_altar_arch_garden, roderic_lattice_a,
          minmay_rat_gold_closets
D:2:      layout_basic, serial_curves, eino_curves_03, eino_curves_03
D:3:      layout_basic, nicolae_overflow_hidden_temple
D:4:      nicolae_cairo_tiling, layout_cave_pools, nemelex_dance_club_becter,
          slow_altar_2, cheibrodos_sewer_entry_bend
D:5:      layout_loops_corners, nicolae_vehumet_altar_sigil,
          nicolae_shop_distant_corner_stores, uniq_duvessa
D:6:      minmay_polygon_palace, layout_rooms, minmay_temple_entry_mini_moons,
          biasface_ghost_orc_armoury, serial_shops, nicolae_shop_crystal

Skill      XL: |  1  2  3  4  5  6  7  8 |
---------------+-------------------------+-----
Armour         | 4 5 6 7 |  7.3
Long Blades    | 3 4 |  4.5
Fighting       | 4 5 |  5.1
Shields        | 4 5 |  5.8
Dodging        | 1 2 |  2.6
Maces & Flails | 1 3 4 5 |  5.7
Shapeshifting  | 1 |  1.4
Stealth        | 1 |  1.0
Throwing       | |  0.3

Action                     |  1- 3 |  4- 6 |  7- 9 || total
---------------------------+-------+-------+-------++-------
  Melee: Long sword        |    93 |       |       ||    93
         Headbutt          |     5 |    12 |     7 ||    24
         Mace              |    10 |    85 |    66 ||   161
  Throw: Javelin           |       |     2 |       ||     2
    Use: Potion            |       |     3 |       ||     3
         Scroll            |       |       |    10 ||    10
 Armour: Scale mail        |    91 |   101 |    47 ||   239
         Chain mail        |       |       |    34 ||    34
  Dodge: Dodged            |    76 |    54 |    45 ||   175
  Block: Buckler           |    28 |    34 |    24 ||    86
   Form: Beast             |       |     1 |       ||     1

Table legend: (Time is in decaauts)
 A = Elapsed time spent in this place.
 B = Non-inter-level travel time spent in this place.
 C = Inter-level travel time spent in this place.
 D = Time resting spent in this place.
 E = Time spent auto-exploring this place.
 F = Levels seen in this place.
 G = Mean time per level.
                   A        B        C        D        E       F      G
               +--------+--------+--------+--------+--------+-----+--------+
         Total |   5774 |   5614 |    160 |    812 |      0 |   7 |  824.9 |
       Dungeon |   5400 |   5240 |    160 |    580 |      0 |   6 |  900.0 |
         Sewer |    374 |    374 |      0 |    232 |      0 |   1 |  374.0 |
               +--------+--------+--------+--------+--------+-----+--------+

Top non-repeatable levels by time:
     D:5: 1417 daAuts
     D:4: 1038 daAuts
     D:1: 1014 daAuts
     D:2: 859 daAuts
     D:3: 784 daAuts
   Sewer: 374 daAuts
     D:6: 285 daAuts
